Map: Ruby Rock LE

Players

Reynor - Winner!

  • Race: Zerg Zerg
  • League: Master
  • Spawn Location: 5:00

LetaleX

  • Race: Protoss Protoss
  • League: Grandmaster
  • Spawn Location: 11:00

VOD

Have the link to the VOD?

Description

Time

  • Played on: Jan. 31, 2026, 12:03 p.m.
  • Length: 10:10
Show
View Real Time Build Order
Export as new Build Order

Reynor Zerg - Winner!

Build Orders: Hatch First, Roach Hydra 

Get SALT Encoding   

  12  0:00  Drone  
  13  0:07  Drone  
  13  0:14  Extractor, Drone  
  15  0:21  Overlord  
  15  0:40  Drone  
  16  0:45  Hatchery  
  16  0:49  Drone  
  16  0:52  Drone  
  16  0:56  Drone  
  18  1:06  Extractor  
  18  1:11  Spawning Pool  
  16  1:15  Drone  
  16  1:17  Drone  
  18  1:26  Drone  
  19  1:37  Drone  
  20  1:47  Drone  
  21  1:57  Queen x2  
  21  1:58  Zergling x2  
  21  2:00  Overlord  
  26  2:07  Drone  
  27  2:10  Drone  
  27  2:13  Metabolic Boost  
  28  2:18  Drone  
  28  2:19  Drone  
  30  2:29  Drone  
  31  2:33  Zergling x2  
  32  2:39  Hatchery  
  32  2:40  Drone  
  32  2:44  Overlord  
  32  2:51  Drone  
  33  2:52  Drone  
  34  3:01  Drone  
  34  3:02  Drone  
  34  3:04  Queen  
  38  3:07  Overlord  
  38  3:10  Drone x3  
  38  3:11  Drone  
  42  3:13  Drone  
  42  3:19  Spore Crawler  
  44  3:20  Zergling x4  
  45  3:28  Zergling x2, Spore Crawler  
  45  3:29  Zergling x2  
  46  3:36  Zergling x4  
  46  3:37  Drone  
  46  3:40  Overlord, Queen  
  46  3:41  Spore Crawler  
  50  3:44  Drone x2  
  52  3:50  Queen  
  52  3:55  Drone x2  
  56  3:56  Drone  
  56  3:58  Drone  
  56  3:59  Drone  
  56  4:02  Drone  
  60  4:08  Overlord  
  60  4:15  Drone x6  
  66  4:26  Drone  
  66  4:28  Drone x2  
  69  4:33  Hatchery  
  69  4:34  Roach Warren  
  69  4:35  Overlord, Drone  
  69  4:36  Drone  
  69  4:39  Overlord  
  69  4:43  Drone  
  70  4:46  Drone x2  
  70  4:47  Drone x2  
  70  4:51  Lair  
  74  4:53  Drone x2, Extractor  
  74  4:54  Extractor  
  74  4:57  Overlord  
  74  5:02  Drone x3  
  74  5:03  Overlord  
  77  5:12  Drone  
  77  5:13  Drone x2, Overlord  
  80  5:17  Zergling x12  
  80  5:20  Roach x2  
  80  5:21  Roach  
  88  5:23  Roach  
  88  5:24  Roach  
  92  5:29  Roach, Evolution Chamber  
  92  5:30  Queen  
  92  5:31  Evolution Chamber  
  92  5:32  Evolution Chamber  
  92  5:34  Roach  
  95  5:36  Roach  
  98  5:43  Roach  
  98  5:44  Roach x2, Zergling x4  
  98  5:49  Evolution Chamber  
  96  5:50  Overlord  
  96  5:51  Drone x2  
  96  5:52  Drone x2  
  92  5:57  Drone  
  92  6:01  Drone, Glial Reconstitution  
  92  6:02  Drone  
  92  6:09  Drone x4  
  95  6:12  Drone x2  
  95  6:13  Zerg Missile Weapons Level 1, Drone  
  95  6:16  Drone  
  95  6:17  Drone x4  
  95  6:18  Drone  
  104  6:20  Drone x2  
  104  6:21  Extractor  
  104  6:23  Overlord  
  107  6:25  Drone x2  
  107  6:29  Drone  
  108  6:34  Hydralisk Den  
  108  6:36  Zergling x2  
  108  6:37  Zergling x4  
  108  6:39  Zergling x8  
  114  6:41  Extractor  
  114  6:42  Drone  
  114  6:43  Extractor  
  114  6:44  Drone x2  
  114  6:45  Drone  
  116  6:47  Zergling x6  
  116  6:49  Spore Crawler  
  116  6:50  Overlord  
  116  6:51  Overseer  
  116  6:53  Roach x2  
  122  6:56  Roach  
  122  7:01  Drone x3  
  126  7:04  Muscular Augments  
  126  7:06  Hydralisk x3  
  131  7:09  Overlord, Hydralisk  
  131  7:15  Hydralisk x2  
  133  7:18  Roach x2  
  133  7:20  Roach  
  143  7:23  Overlord  
  143  7:26  Overlord  
  143  7:28  Hydralisk x3  
  149  7:36  Hydralisk  
  151  7:38  Overlord  
  151  7:40  Overlord  
  151  7:42  Hydralisk x3  
  157  7:48  Hydralisk x2  
  157  7:49  Hydralisk  
  157  7:50  Zergling x8  
  167  7:53  Overlord  
  166  8:00  Hydralisk x3  
  166  8:04  Zergling x2  
  166  8:05  Zergling x12  
  179  8:08  Grooved Spines  
  179  8:10  Ravager  
  179  8:12  Hydralisk  
  179  8:13  Zergling x4  
  179  8:14  Hydralisk  
  179  8:15  Zergling x6  
  173  8:23  Hydralisk x3  
  173  8:24  Zergling x4  
  173  8:26  Queen  
  165  8:28  Roach  
  165  8:34  Roach x4  
  153  8:35  Roach  
  153  8:36  Roach  
  153  8:41  Roach x3  
  154  8:42  Hydralisk  
  154  8:43  Zergling x2  
  154  8:47  Roach, Zergling x2  
  153  8:52  Hydralisk x2  
  153  8:55  Drone  
  154  8:58  Drone x2  
  156  9:03  Hydralisk  
  156  9:07  Hydralisk x2, Zergling x2  
  156  9:08  Zergling x4  
  165  9:10  Hydralisk  
  169  9:17  Zergling x4  
  169  9:18  Hydralisk x2  
  169  9:19  Zergling x2  
  169  9:20  Overlord  
  169  9:22  Hydralisk  
  176  9:26  Roach  
  176  9:30  Overlord  
  176  9:31  Roach  
  180  9:34  Hydralisk x3  
  180  9:37  Overlord  
  186  9:43  Hydralisk x3  
  186  9:44  Zergling x8  
  188  9:49  Zergling x2  
Show
View Real Time Build Order
Export as new Build Order

LetaleX Protoss 

Build Orders: 1 Gate Expand, Oracle Opening 

Get SALT Encoding   

  12  0:00  Probe  
  13  0:12  Probe  
  14  0:18  Pylon  
  14  0:24  Probe  
  15  0:32  Probe  
  15  0:38  Gateway  
  15  0:40  Probe  
  16  0:46  Assimilator  
  17  0:50  Probe  
  18  1:03  Probe  
  19  1:15  Probe  
  20  1:22  Nexus  
  20  1:35  Cybernetics Core  
  20  1:36  Probe  
  21  1:43  Assimilator  
  21  1:48  Probe  
  21  1:52  Pylon  
  22  1:59  Probe  
  23  2:01  Adept  
  23  2:07  Probe  
  23  2:15  Probe  
  26  2:17  Stargate  
  27  2:27  Probe, Warp Gate  
  28  2:30  Probe  
  28  2:34  Stalker  
  29  2:38  Probe  
  29  2:39  Probe  
  33  2:48  Probe  
  33  2:51  Probe  
  35  3:01  Probe  
  35  3:03  Probe  
  35  3:04  Oracle  
  40  3:16  Nexus  
  40  3:25  Gateway  
  40  3:26  Probe x2  
  42  3:30  Twilight Council  
  42  3:39  Gateway  
  42  3:41  Gateway  
  42  3:44  Probe  
  42  3:45  Probe  
  42  3:48  Assimilator  
  44  3:49  Resonating Glaives  
  44  3:51  Pylon  
  44  3:56  Probe  
  44  3:57  Probe  
  46  4:09  Probe  
  47  4:12  Probe  
  48  4:21  Adept x2, Oracle, Probe  
  48  4:24  Pylon, Probe  
  53  4:28  Probe  
  58  4:34  Probe  
  58  4:36  Adept x2  
  58  4:37  Probe  
  64  4:40  Probe  
  64  4:42  Pylon  
  64  4:43  Adept x2  
  69  4:46  Probe  
  69  4:50  Probe  
  71  4:57  Adept  
  71  4:59  Adept  
  75  5:00  Probe  
  75  5:01  Probe  
  75  5:05  Adept x2  
  75  5:06  Probe, Pylon  
  82  5:20  Adept  
  84  5:21  Adept  
  84  5:23  Pylon  
  84  5:24  Probe  
  84  5:27  Adept x2  
  90  5:29  Probe  
  90  5:30  Probe  
  90  5:33  Pylon  
  90  5:34  Robotics Facility  
  90  5:35  Robotics Facility  
  92  5:37  Probe  
  92  5:38  Shield Battery  
  85  5:50  Adept x4  
  85  5:52  Probe  
  85  5:53  Probe  
  89  6:00  Probe  
  86  6:06  Probe  
  86  6:11  Gateway, Immortal  
  84  6:12  Gateway  
  84  6:15  Assimilator, Probe x2  
  84  6:16  Assimilator  
  84  6:17  Immortal  
  85  6:18  Probe  
  85  6:19  Gateway  
  85  6:20  Gateway  
  85  6:21  Pylon  
  94  6:36  Pylon  
  94  6:40  Sentry x2  
  94  6:42  Pylon  
  94  6:46  Immortal  
  98  6:48  Immortal  
  98  6:50  Pylon  
  106  7:05  Adept x4  
  114  7:10  Gateway  
  114  7:11  Gateway  
  114  7:12  Pylon  
  114  7:15  Immortal  
  111  7:16  Warp Prism  
  111  7:24  Stalker x2  
  111  7:27  Sentry, Adept x3  
  129  7:33  Adept x2  
  129  7:36  Pylon  
  133  7:39  Pylon  
  133  7:48  Adept x4  
  133  7:49  Pylon  
  141  7:54  Immortal  
  145  8:03  Adept x4  
  153  8:08  Pylon  
  153  8:12  Adept x3  
  153  8:19  Adept x3  
  149  8:27  Adept x4  
  131  8:35  Adept x3  
  131  8:36  Warp Prism  
  123  8:45  Adept x3  
  120  8:57  Sentry x4  
  120  8:59  Adept x3  
  132  9:08  Adept x3  
  138  9:22  Adept x6  
  150  9:36  Adept x4  
  132  9:53  Adept x6  
  132  9:57  Adept x4  
Tags
 
Add a new tag
Caveats
  • Supply blocks, unpowered buildings, or Contaminate may cause inaccurate times.
  • Supply counts are checked every 10 seconds.